 Dungeon Crawl Stone Soup version 0.30-a0-782-ge64f9170bb (webtiles) character file.

Game seed: 12167527874311775005

3992 funkygono the Arsonist (level 10, 0/53 HPs)
             Began as a Gargoyle Fire Elementalist on Feb 22, 2023.
             Was a Priest of Sif Muna.
             Slain by an orc warlord
             ... wielding a +2 broad axe
              (22 damage)
             ... in a bailey.
             The game lasted 00:15:39 (10398 turns).

funkygono the Arsonist (GrFE)                      Turns: 10398, Time: 00:15:39

Health: 0/53       AC: 20    Str: 13    XL:     10   Next: 23%
Magic:  8/22       EV: 11    Int: 19    God:    Sif Muna [***...]
Gold:   489        SH:  0    Dex: 10    Spells: 19/26 levels left

rFire   . . .      SeeInvis .    u - +2 quarterstaff (drain)
rCold   . . .      Faith    .    (shield currently unavailable)
rNeg    + . .      Spirit   .    r - +0 acid dragon scales
rPois   ∞          Reflect  .    j - +1 helmet
rElec   +          Harm     .    o - +1 cloak
rCorr   +          Rampage  .    g - +1 pair of gloves
Will    .....                    (no boots)
Stlth   +                        q - amulet of the acrobat
HPRegen 0.28/turn                z - +4 ring of slaying
MPRegen 0.18/turn                (no ring)

@: no status effects
A: sickness immunity, AC +7, negative energy resistance 1, electricity
resistance, torment resistance 1, petrification resistance
a: Renounce Religion, Channel Magic, Forget Spell


You were in a bailey.
You worshipped Sif Muna.
Sif Muna was most pleased with you.
You visited 1 branch of the dungeon, and saw 7 of its levels.
You also visited: Ossuary and Bailey.

You collected 489 gold pieces.

Inventory:

Hand Weapons
 a - a +0 whip of electrocution
 f - a +0 whip
 u - a +2 quarterstaff of draining (weapon)
Armour
 g - a +1 pair of gloves (worn)
 j - a +1 helmet (worn)
 o - a +1 cloak (worn)
 r - +0 acid dragon scales (worn)
 x - a +1 leather armour of willpower
 D - a +2 robe
Magical Staves
 e - a staff of earth
 B - a staff of air
Jewellery
 q - an amulet of the acrobat (around neck)
 y - a ring of ice
 z - a +4 ring of slaying (left hand)
 C - a +6 ring of dexterity
Scrolls
 s - 3 scrolls of teleportation
 w - 3 scrolls of fear
 E - a scroll of enchant armour
 G - 3 scrolls of blinking
Potions
 b - a potion of magic
 c - 4 potions of cancellation
 d - a potion of ambrosia {unknown}
 h - 2 potions of flight
 i - 6 potions of curing
 k - 3 potions of brilliance
 l - a potion of attraction {unknown}
 m - 6 potions of might
 n - 4 potions of mutation
 p - 4 potions of lignification
 t - a potion of degeneration {unknown}
 v - a potion of resistance {unknown}
 A - a potion of haste {unknown}
 F - a potion of experience


   Skills:
 + Level 1.9 Fighting
 + Level 0.2(1.5) Maces & Flails
 + Level 2.6 Staves
 + Level 2.2 Armour
 + Level 2.4 Dodging
 - Level 2.1 Stealth
 + Level 8.5 Spellcasting
 + Level 5.7 Conjurations
 + Level 9.3 Fire Magic
 + Level 0.6 Invocations


You had 19 spell levels left.
You knew the following spells:

 Your Spells              Type           Power      Damage    Failure   Level
a - Foxfire               Conj/Fire      100%       2x1d9     1%          1
b - Scorch                Fire           86%        2d9       1%          2
c - Flame Wave            Conj/Fire      36%        2d10      6%          4

Your spell library contained the following spells:

 Spells                   Type           Power      Damage    Failure   Level
 Inner Flame              Hex/Fire       25%        N/A       5%          3
 Kindle Blastsparks       Fire/Tloc/Air  38%        2d13      11%         3
 Hailstorm                Conj/Ice       18%        3d6       12%         3
 Freeze                   Ice            32%        1d5       13%         1
 Frozen Ramparts          Ice            16%        1d3       36%         3
 Animate Dead             Necr           8%         N/A       77%         4
 Borgnjor's Vile Clutch   Necr/Erth      4%         N/A       98%         5
 Summon Forest            Summ/Tloc      4%         N/A       98%         5
 Summon Mana Viper        Hex/Summ       8%         N/A       98%         5
 Death Channel            Necr           4%         N/A       100%        6
 Eringya's Noxious Bog    Tmut/Pois      4%         N/A       100%        6
 Summon Cactus Giant      Summ           4%         N/A       100%        6
 Summon Hydra             Summ           4%         N/A       100%        7


Dungeon Overview and Level Annotations

Branches:
Dungeon (7/15)             Temple (0/1) D:5         Ossuary (visited)
 Bailey (1/1)

Altars:
Ashenzari
Elyvilon
Kikubaaqudgha
Ru
Sif Muna
Vehumet
Xom
Zin

Shops:
D:6 *


Innate Abilities, Weirdness & Mutations

You are immune to sickness and miasma.
Your stone body is resilient. (AC +7)
You are immune to poison.
You resist negative energy. (rN+)
You are resistant to electric shocks. (rElec)
You are resistant to unholy torment.
You are immune to petrification.


Message History

The orc warlord is lightly wounded.
Casting: Foxfire (safe; 1% risk of failure)
Confirm with . or Enter, or press ? or * to list all spells.
Flames lash the orc warlord but do no damage.
The foxfire hits the orc warlord.
The orc warlord is lightly wounded.
The foxfire hits the orc warlord.
The orc warlord is moderately wounded.
The foxfire hits the orc warlord but does no damage.
The orc warlord is moderately wounded.
The orc warlord hits you with a +2 broad axe.
Unknown command.
Casting: Scorch (safe; 1% risk of failure)
Confirm with . or Enter, or press ? or * to list all spells.
You conjure some foxfire!
The orc warlord hits you with a +2 broad axe!
Casting: Foxfire (safe; 1% risk of failure)
Confirm with . or Enter, or press ? or * to list all spells.
Flames lash the orc warlord.
The orc warlord is moderately wounded.
The orc warlord's fire resistance burns away.
You hear a shout!
The foxfire hits the orc warlord.
The orc warlord is moderately wounded.
The foxfire hits the orc warlord but does no damage.
The orc warlord is moderately wounded.
The orc warlord hits you with a +2 broad axe!
Unknown command.
Casting: Scorch (safe; 1% risk of failure)
Confirm with . or Enter, or press ? or * to list all spells.
You conjure some foxfire!
The orc warlord closely misses you.
The orc warlord completely misses your foxfire.
Casting: Foxfire (safe; 1% risk of failure)
Confirm with . or Enter, or press ? or * to list all spells.
Flames lash the orc warlord but do no damage.
The foxfire hits the orc warlord but does no damage.
The orc warlord is moderately wounded.
The foxfire hits the hobgoblin but does no damage.
The orc warlord hits you with a +2 broad axe!!
You die...

#!.∩.. ?.....
#...... .......
....... #######
....⌠..
##..§.g##)......
#....@o.).).....
##......)##).....
#.......).# .....
##.........##
8.88
#.....⌠.....# '##
##.....)...## .#
#.....)...# .
##)......##
#.......#


You could see an orc warlord (combustible) and a hobgoblin.

Vanquished Creatures
  Pikel (D:7)
  Grinder (D:4)
  Sigmund (D:3)
  Eustachio (D:4)
  The ghost of Barsley the Chopper, an amateur MeRe of Kikubaaqudgha (D:4)
  An acid dragon (D:6)
  6 orc warriors (Bailey)
  2 ice beasts
  A sky beast (D:6)
  An ogre (D:6)
  2 black bears
  A centaur (D:5)
  A phantom (D:4)
  4 lemures (D:7)
  A kobold brigand (D:7)
  Blork the orc (D:4)
  A scorpion (D:6)
  A necrophage (D:6)
  5 water moccasin zombies (Ossuary)
  A howler monkey (D:4)
  A hound (D:5)
  A jelly (D:6)
  3 orc priests (D:5)
  Natasha (thrice) (D:4)
  5 iguanas
  5 orc wizards
  2 mummies (Ossuary)
  Robin (D:2)
  12 gnolls
  15 adders
  A white imp (D:5)
  4 adder zombies (Ossuary)
  4 worms
  2 dart slugs (D:4)
  28 orcs
  7 ball pythons
  4 endoplasms
  8 giant cockroaches
  2 gnoll zombies (Ossuary)
  24 goblins
  13 hobgoblins
  3 quokkas
  4 bats
  3 frilled lizards (D:1)
  6 hobgoblin zombies (Ossuary)
  12 kobolds
  5 kobold zombies (Ossuary)
  6 orc zombies (Ossuary)
  5 rats
  2 rat zombies (D:5)
225 creatures vanquished.

Vanquished Creatures (collateral kills)
  A foxfire (D:5)
1 creature vanquished.

Vanquished Creatures (others)
  695 foxfires
  8 toadstools (D:7)
703 creatures vanquished.

Grand Total: 929 creatures vanquished

Notes
Turn   | Place    | Note
-------+----------+-------------------------------------------
     0 | D:1      | funkygono the Gargoyle Fire Elementalist began the quest
                  | for the Orb.
     0 | D:1      | Reached XP level 1. HP: 10/10 MP: 3/3
   249 | D:1      | Reached XP level 2. HP: 15/15 MP: 1/5
   252 | D:1      | Learned a level 2 spell: Scorch
  1052 | D:2      | Reached XP level 3. HP: 19/19 MP: 2/6
  1284 | D:2      | Noticed Robin
  1290 | D:2      | Killed Robin
  1490 | D:2      | Reached XP level 4. HP: 24/24 MP: 5/8
  1534 | D:2      | Learned a level 4 spell: Flame Wave
  2832 | D:3      | Reached skill level 4 in Fire Magic
  3018 | D:3      | Noticed Sigmund
  3041 | D:3      | Killed Sigmund
  3042 | D:3      | Reached XP level 5. HP: 16/28 MP: 0/10
  3042 | D:3      | Reached XP level 6. HP: 19/32 MP: 0/11
  3598 | D:3      | Reached skill level 5 in Fire Magic
  3698 | D:3      | Found a broken altar of Ashenzari.
  3964 | D:3      | Found a shimmering altar of Xom.
  4009 | D:3      | Found a sacrificial altar of Ru.
  4173 | D:4      | Noticed Eustachio
  4202 | D:4      | Killed Eustachio
  4203 | D:4      | Reached skill level 1 in Staves
  4203 | D:4      | Reached XP level 7. HP: 30/37 MP: 0/13
  4357 | D:4      | Found a runed translucent door.
  4357 | D:4      | Noticed Barsley's ghost (amateur MeRe)
  4514 | D:4      | Noticed Natasha
  4519 | D:4      | Killed Natasha
  4635 | D:4      | Noticed Natasha
  4642 | D:4      | Killed Natasha
  4805 | D:4      | Noticed Grinder
  4811 | D:4      | Noticed Blork the orc
  4825 | D:4      | Killed Grinder
  4826 | D:4      | Reached skill level 5 in Spellcasting
  4826 | D:4      | Reached skill level 6 in Fire Magic
  4926 | D:4      | Killed Blork the orc
  4927 | D:4      | Reached XP level 8. HP: 42/42 MP: 11/15
  4956 | D:4      | Found a shimmering blue altar of Sif Muna.
  4965 | D:4      | Became a worshipper of Sif Muna the Loreminder
  5030 | D:4      | Noticed Natasha
  5044 | D:4      | Killed Natasha
  5913 | D:4      | Killed Barsley's ghost
  6019 | D:5      | Entered Level 5 of the Dungeon
  6079 | D:5      | Reached skill level 1 in Fighting
  6098 | D:5      | Found a sand-covered staircase.
  6103 | Ossuary  | Entered an ossuary
  6343 | Ossuary  | Reached * piety under Sif Muna
  6353 | Ossuary  | Reached skill level 7 in Fire Magic
  6738 | D:5      | Found a white marble altar of Elyvilon.
  7094 | D:5      | Found an ancient bone altar of Kikubaaqudgha.
  7158 | D:5      | Found a staircase to the Ecumenical Temple.
  7176 | D:5      | Reached XP level 9. HP: 47/47 MP: 13/18
  7182 | D:5      | Reached ** piety under Sif Muna
  8418 | D:6      | Reached skill level 1 in Armour
  8548 | D:6      | Found a glowing silver altar of Zin.
  8707 | D:6      | Reached skill level 8 in Fire Magic
  9164 | D:6      | Found Meinoz's Assorted Antiques.
  9355 | D:7      | Found a radiant altar of Vehumet.
  9564 | D:7      | Noticed Pikel
  9597 | D:7      | Killed Pikel
  9598 | D:7      | Reached skill level 5 in Conjurations
  9598 | D:7      | Reached skill level 9 in Fire Magic
  9598 | D:7      | Reached XP level 10. HP: 35/52 MP: 2/22
  9614 | D:7      | Found a flagged portal.
  9660 | Bailey   | Entered a bailey
  9918 | Bailey   | Reached *** piety under Sif Muna
 10219 | Bailey   | Identified the +3 war axe of Symmetry {elec, +Blink MP-9
                  | Int+7}
 10388 | Bailey   | Noticed an orc warlord
 10398 | Bailey   | Slain by an orc warlord

Illustrated notes

Levels and vault maps discovered:
D:1:      mrwooster_arrival_arrow, layout_loops_ring, minmay_misc_feat_enclosed
D:2:      layout_basic, uniq_robin
D:3:      layout_basic, ashenzari_altar_1, mainiacjoe_overflow_two_lobes,
          uniq_sigmund
D:4:      layout_loops_corners, tgw_sif, hellmonk_ghost_happy_afterlife,
          uniq_eustachio, uniq_natasha, uniq_grinder
D:5:      layout_gridville, lemuel_zombie_altar_kikubaaqudgha,
          lemuel_tele_altar, minmay_temple_entry_glassed_door,
          portal_sewer_entry_f, enter_ossuary_2, kennysheep_generic_room_3
D:6:      layout_basic, lemuel_doored_altar, serial_shops,
          nicolae_shop_overgrown_old_shop
D:7:      cheibrodos_fertilizer, layout_basic, fiery_altar_vehumet,
          nzn_wu_jian_contemplation, enter_bailey_6, uniq_pikel
Bailey:   bailey_axe_minmay_hex_keep, bailey

Skill      XL: |  1  2  3  4  5  6  7  8  9 10 |
---------------+-------------------------------+-----
Spellcasting   | 3 4 5 6 8 |  8.5
Fire Magic     | 4 5 6 7 9 |  9.3
Conjurations   | 2 3 4 5 |  5.7
Staves         | 1 2 |  2.6
Dodging        | 2 |  2.4
Fighting       | 1 |  1.9
Armour         | 1 2 |  2.2
Maces & Flails | |  0.2
Stealth        | |  2.1
Invocations    | |  0.6

Action                     |  1- 3 |  4- 6 |  7- 9 | 10-12 || total
---------------------------+-------+-------+-------+-------++-------
  Melee: Staff             |     4 |       |       |       ||     4
         Whip              |     3 |       |       |       ||     3
         Quarterstaff      |       |    19 |    35 |       ||    54
   Cast: Foxfire           |    51 |    55 |   209 |    81 ||   396
         Scorch            |     2 |    15 |    94 |    18 ||   129
 Invoke: Channel Magic     |       |       |     1 |       ||     1
    Use: Scroll            |       |    10 |    12 |       ||    22
 Armour: Robe              |     8 |     9 |    55 |       ||    72
         Acid dragon scale |       |       |    15 |     6 ||    21
         Leather armour    |       |       |     3 |       ||     3
  Dodge: Dodged            |     7 |    15 |    94 |    10 ||   126

Table legend: (Time is in decaauts)
 A = Elapsed time spent in this place.
 B = Non-inter-level travel time spent in this place.
 C = Inter-level travel time spent in this place.
 D = Time resting spent in this place.
 E = Time spent auto-exploring this place.
 F = Levels seen in this place.
 G = Mean time per level.
                   A        B        C        D        E       F      G
               +--------+--------+--------+--------+--------+-----+--------+
         Total |  10407 |  10204 |    203 |   1045 |   7445 |   9 | 1156.3 |
       Dungeon |   9069 |   8866 |    203 |    759 |   6754 |   7 | 1295.6 |
       Ossuary |    600 |    600 |      0 |      0 |    502 |   1 |  600.0 |
        Bailey |    737 |    737 |      0 |    286 |    189 |   1 |  737.0 |
               +--------+--------+--------+--------+--------+-----+--------+

Top non-repeatable levels by time:
     D:4: 1951 daAuts
     D:5: 1606 daAuts
     D:2: 1534 daAuts
     D:3: 1528 daAuts
     D:6: 1128 daAuts
     D:1: 1009 daAuts
  Bailey: 737 daAuts
 Ossuary: 600 daAuts
     D:7: 311 daAuts
